MLB
BOSTON RED SOX @ TAMPA BAY RAYS
09/27/2098
 
TOP OF THE 1ST
Boston Red Sox batting - Pitching for Tampa Bay Rays : RHP Ron Stein
Pitching: RHP Ron Stein
Batting: RHB Zane Wilder 0-0: Ball
1-0: Ball
2-0: Foul Ball, location: 2F
2-1: Fly out, F9 (Flyball, 9LD, EV 80.0 MPH)
Batting: LHB Michael Lindstrom 0-0: Foul Ball, location: 5F
0-1: Ball
1-1: Called Strike
1-2: Foul Ball, location: 3FF
1-2: Foul Ball, location: 2F
1-2: Fly out, F1 (Line Drive, P, EV 71.3 MPH)
Batting: SHB Alex Salazar 0-0: Ball
1-0: Swinging Strike
1-1: Called Strike
1-2: Strikes out swinging, 2-3 out at first.
Top of the 1st over - 0 runs, 0 hits, 0 errors, 0 left on base; Boston 0 - Tampa Bay 0
BOTTOM OF THE 1ST
Tampa Bay Rays batting - Pitching for Boston Red Sox : RHP Phil Ashworth
Pitching: RHP Phil Ashworth
Batting: LHB Ray Behm 0-0: Ball
1-0: Ball
2-0: Foul Ball, location: 3FF
2-1: Called Strike
2-2: Fly out, F7 (Flyball, 78S, EV 91.3 MPH)
Batting: SHB Ryan Takach 0-0: Fly out, F6 (Popup, 6S, EV 68.8 MPH)
Batting: RHB Dave Taylor 0-0: Swinging Strike
0-1: Ball
1-1: Foul Ball, location: 2F
1-2: Foul Ball, location: 2F
1-2: Strikes out looking
Bottom of the 1st over - 0 runs, 0 hits, 0 errors, 0 left on base; Boston 0 - Tampa Bay 0
TOP OF THE 2ND
Boston Red Sox batting - Pitching for Tampa Bay Rays : RHP Ron Stein
Batting: LHB Dan McCartney 0-0: Called Strike
0-1: DOUBLE (Flyball, 78XD, EV 103.8 MPH)
Batting: SHB Tyler Den Hartog 0-0: Ball
1-0: SINGLE (Line Drive, 8RS, EV 108.1 MPH)
Dan McCartney to third
Batting: LHB Chris Kautz 0-0: Foul Ball, location: 25F
0-1: Foul Ball, location: 23F
0-2: Ball
1-2: Foul Ball, location: 25F
1-2: Foul Ball, location: 2F
1-2: Ball
2-2: Foul Ball, location: 7LSF
2-2: Foul Ball, location: 2RF
2-2: Foul Ball, location: 3F
2-2: Foul Ball, location: 5DF
2-2: Strikes out looking
Batting: LHB Sergio Mejia 0-0: Called Strike
0-1: Ball
1-1: Ball
2-1: Called Strike
2-2: Ball
3-2: DOUBLE (Flyball, 78D, EV 110.6 MPH)
Dan McCartney scores
Tyler Den Hartog to third
Runner from 3rd tries for Home, SAFE, throw by LF to home
Batting: RHB Nate Campbell 0-0: Ball
1-0: Foul Ball, location: 9LSF
1-1: 2-RUN HOME RUN (Line Drive, 7D, EV 105.6 MPH), Distance : 390 ft
Batting: LHB Justin Scappaticci 0-0: Ball
1-0: Ground out 6-3 (Groundball, 6MS, EV 89.4 MPH)
Batting: RHB Zane Wilder 0-0: Ball
1-0: Ball
2-0: Fly out, F9 (Flyball, 9, EV 90.6 MPH)
Top of the 2nd over - 4 runs, 4 hits, 0 errors, 0 left on base; Boston 4 - Tampa Bay 0
BOTTOM OF THE 2ND
Tampa Bay Rays batting - Pitching for Boston Red Sox : RHP Phil Ashworth
Batting: RHB Kevin Schulz 0-0: Foul Ball, location: 2F
0-1: Foul Ball, location: 5F
0-2: Ball
1-2: Foul Ball, location: 2F
1-2: Fly out, F8 (Flyball, 8RM, EV 94.4 MPH)
Batting: RHB Cesar Escamilla 0-0: Ball
1-0: Foul Ball, location: 3SF
1-1: Hit by Pitch
Batting: LHB George Elkins 0-0: Ball
1-0: Ball
2-0: Foul Ball, location: 2F
2-1: Foul Ball, location: 2F
2-2: Ball
3-2: DOUBLE (Flyball, 78D, EV 99.4 MPH)
Cesar Escamilla to third
Batting: RHB Mel Garcia 0-0: Called Strike
0-1: Foul Ball, location: 9LSF
0-2: Strikes out swinging
Batting: SHB Willie Torres 0-0: Ball
1-0: Ball
2-0: Ball
3-0: Called Strike
3-1: Base on Balls
Batting: RHB Mark Fousek 0-0: Foul Ball, location: 7LMF
0-1: SINGLE (Groundball, 6MD, EV 106.9 MPH)
Cesar Escamilla scores
George Elkins to third
Willie Torres to second
Runner from 3rd tries for Home, SAFE, throw by CF to home
Batting: LHB Ray Behm 0-0: Swinging Strike
0-1: Ball
1-1: Ground out 4-3 (Groundball, 4, EV 85.6 MPH)
Bottom of the 2nd over - 2 runs, 2 hits, 0 errors, 2 left on base; Boston 4 - Tampa Bay 2
TOP OF THE 3RD
Boston Red Sox batting - Pitching for Tampa Bay Rays : RHP Ron Stein
Batting: LHB Michael Lindstrom 0-0: Ball
1-0: Ball
2-0: Ball
3-0: Base on Balls
Batting: SHB Alex Salazar 0-0: Foul Ball, location: 7LSF
0-1: Called Strike
0-2: Ball
1-2: Ball
2-2: Fly out, F7 (Flyball, 7, EV 95.6 MPH)
Batting: LHB Dan McCartney 0-0: Called Strike
0-1: Called Strike
0-2: Ball
1-2: Strikes out swinging
Batting: SHB Tyler Den Hartog 0-0: Called Strike
0-1: Foul Ball, location: 7LMF
0-2: SINGLE (Groundball, 4MS, EV 71.3 MPH) (infield hit)
Michael Lindstrom to second
Batting: LHB Chris Kautz 0-0: Ball
1-0: Foul Ball, location: 23F
1-1: Swinging Strike
1-2: Ball
2-2: Ground out 4-3 (Groundball, 34, EV 101.9 MPH)
Top of the 3rd over - 0 runs, 1 hit, 0 errors, 2 left on base; Boston 4 - Tampa Bay 2
BOTTOM OF THE 3RD
Tampa Bay Rays batting - Pitching for Boston Red Sox : RHP Phil Ashworth
Batting: SHB Ryan Takach 0-0: Ball
1-0: Bunt for hit to 2L - play at first, batter OUT! 2-3
Batting: RHB Dave Taylor 0-0: Ball
1-0: Foul Ball, location: 3SF
1-1: Ball
2-1: Called Strike
2-2: Foul Ball, location: 25F
2-2: Foul Ball, location: 23F
2-2: Ball
3-2: DOUBLE (Flyball, 8LXD, EV 98.8 MPH)
Batting: RHB Kevin Schulz 0-0: Swinging Strike
0-1: Ball
1-1: Foul Ball, location: 2F
1-2: Ball
2-2: Foul Ball, location: 23F
2-2: Strikes out swinging
Batting: RHB Cesar Escamilla 0-0: Fly out, F8 (Flyball, 8RS, EV 98.1 MPH)
Bottom of the 3rd over - 0 runs, 1 hit, 0 errors, 1 left on base; Boston 4 - Tampa Bay 2
TOP OF THE 4TH
Boston Red Sox batting - Pitching for Tampa Bay Rays : RHP Ron Stein
Batting: LHB Sergio Mejia 0-0: Called Strike
0-1: Ball
1-1: Called Strike
1-2: Foul Ball, location: 2F
1-2: Strikes out swinging
Batting: RHB Nate Campbell 0-0: Ball
1-0: Ball
2-0: Swinging Strike
2-1: Fly out, F8 (Flyball, 8LXD, EV 95.0 MPH)
Batting: LHB Justin Scappaticci 0-0: Ball
1-0: Foul Ball, location: 2F
1-1: Ground out 5-3 (Groundball, 5S, EV 70.0 MPH)
Top of the 4th over - 0 runs, 0 hits, 0 errors, 0 left on base; Boston 4 - Tampa Bay 2
BOTTOM OF THE 4TH
Tampa Bay Rays batting - Pitching for Boston Red Sox : RHP Phil Ashworth
Batting: LHB George Elkins 0-0: Ball
1-0: Ground out U3 (Groundball, 3, EV 88.8 MPH)
Batting: RHB Mel Garcia 0-0: Ball
1-0: Ball
2-0: Foul Ball, location: 9LSF
2-1: Ground out 5-3 (Groundball, 5S, EV 68.8 MPH)
Batting: SHB Willie Torres 0-0: Ball
1-0: Fly out, F9 (Flyball, 89M, EV 91.3 MPH)
Bottom of the 4th over - 0 runs, 0 hits, 0 errors, 0 left on base; Boston 4 - Tampa Bay 2
TOP OF THE 5TH
Boston Red Sox batting - Pitching for Tampa Bay Rays : RHP Ron Stein
Batting: RHB Zane Wilder 0-0: Ball
1-0: Foul Ball, location: 2F
1-1: Ball
2-1: Foul Ball, location: 7LMF
2-2: Fly out, F3 (Popup, 3DF, EV 58.1 MPH)
Batting: LHB Michael Lindstrom 0-0: Ball
1-0: Ball
2-0: Called Strike
2-1: Foul Ball, location: 3F
2-2: Foul Ball, location: 7LDF
2-2: Ground out 6-3 (Groundball, 6MD, EV 94.4 MPH)
Batting: SHB Alex Salazar 0-0: Called Strike
0-1: Foul Ball, location: 2F
0-2: Foul Ball, location: 5F
0-2: Ball
1-2: Fly out, F8 (Flyball, 78D, EV 101.3 MPH)
Top of the 5th over - 0 runs, 0 hits, 0 errors, 0 left on base; Boston 4 - Tampa Bay 2
BOTTOM OF THE 5TH
Tampa Bay Rays batting - Pitching for Boston Red Sox : RHP Phil Ashworth
Batting: RHB Mark Fousek 0-0: Called Strike
0-1: Called Strike
0-2: SINGLE (Line Drive, 4D, EV 95.6 MPH)
Batting: LHB Ray Behm 0-0: Sac Bunt to 13 - play at first, batter OUT! 1-3
Mark Fousek to second
Batting: SHB Ryan Takach 0-0: Ball
1-0: Ball
2-0: Foul Ball, location: 7LMF
2-1: TRIPLE (Flyball, 9LD, EV 98.8 MPH)
Mark Fousek scores
Batting: RHB Dave Taylor 0-0: Called Strike
0-1: Foul Ball, location: 3SF
0-2: Ball
1-2: Ball
2-2: Fielders Choice at home, 4-2 (Groundball, 4D, EV 107.5 MPH)
Batting: RHB Kevin Schulz 0-0: Called Strike
0-1: Ball
1-1: Fly out, F4 (Popup, 34, EV 75.0 MPH)
Bottom of the 5th over - 1 run, 2 hits, 0 errors, 1 left on base; Boston 4 - Tampa Bay 3
TOP OF THE 6TH
Boston Red Sox batting - Pitching for Tampa Bay Rays : RHP Ron Stein
Pitching: RHP Alex Ramirez
Batting: LHB Dan McCartney 0-0: Ball
1-0: Ball
2-0: Ball
3-0: Called Strike
3-1: Swinging Strike
3-2: Strikes out swinging
Batting: SHB Tyler Den Hartog 0-0: Called Strike
0-1: Ball
1-1: Ball
2-1: Fly out, F7 (Line Drive, 7LM, EV 91.9 MPH)
Batting: LHB Chris Kautz 0-0: Called Strike
0-1: Called Strike
0-2: Ball
1-2: Ball
2-2: Ball
3-2: Base on Balls
Batting: LHB Sergio Mejia 0-0: Ball
1-0: Ball
2-0: SINGLE (Line Drive, 7S, EV 109.4 MPH)
Chris Kautz to second
Batting: RHB Nate Campbell 0-0: Ball
1-0: Fly out, F5 (Popup, 25, EV 86.9 MPH)
Top of the 6th over - 0 runs, 1 hit, 0 errors, 2 left on base; Boston 4 - Tampa Bay 3
BOTTOM OF THE 6TH
Tampa Bay Rays batting - Pitching for Boston Red Sox : RHP Phil Ashworth
Batting: RHB Cesar Escamilla 0-0: Called Strike
0-1: Ball
1-1: Ball
2-1: Fly out, F7 (Line Drive, 7, EV 111.3 MPH)
Batting: LHB George Elkins 0-0: Ball
1-0: Fly out, F6 (Popup, 6, EV 63.1 MPH)
Batting: RHB Mel Garcia 0-0: Swinging Strike
0-1: Ball
1-1: Called Strike
1-2: Ground out 5-3 (Groundball, 56, EV 83.8 MPH)
Bottom of the 6th over - 0 runs, 0 hits, 0 errors, 0 left on base; Boston 4 - Tampa Bay 3
TOP OF THE 7TH
Boston Red Sox batting - Pitching for Tampa Bay Rays : RHP Alex Ramirez
Batting: LHB Justin Scappaticci 0-0: Ball
1-0: Ball
2-0: Ball
3-0: Called Strike
3-1: Foul Ball, location: 3FF
3-2: Strikes out looking
Batting: RHB Zane Wilder 0-0: Ball
1-0: Ball
2-0: Ball
3-0: Base on Balls
Batting: LHB Michael Lindstrom 0-0: Called Strike
0-1: Ball
1-1: Called Strike
1-2: Fielders Choice at 2nd, 1-6 (Groundball, 34S, EV 73.8 MPH)
Batting: SHB Alex Salazar 0-0: Ground out 6-3 (Groundball, P, EV 88.1 MPH)
Top of the 7th over - 0 runs, 0 hits, 0 errors, 1 left on base; Boston 4 - Tampa Bay 3
BOTTOM OF THE 7TH
Tampa Bay Rays batting - Pitching for Boston Red Sox : RHP Phil Ashworth
Batting: SHB Willie Torres 0-0: Ball
1-0: Swinging Strike
1-1: Called Strike
1-2: SINGLE (Groundball, 56, EV 100.0 MPH)
Batting: RHB Mark Fousek 0-0: Called Strike
0-1: Foul Ball, location: 25FF
0-2: Foul Ball, location: 5SF
0-2: Fly out, F9 (Flyball, 89S, EV 91.9 MPH)
Batting: LHB Ray Behm 0-0: Called Strike
0-1: Ball
1-1: Fly out, F7 (Flyball, 7S, EV 82.5 MPH)
Pitching: RHP Danny Urista
Batting: SHB Ryan Takach 0-0: Called Strike
0-1: Ball
1-1: Swinging Strike
1-2: Strikes out swinging
Bottom of the 7th over - 0 runs, 1 hit, 0 errors, 1 left on base; Boston 4 - Tampa Bay 3
TOP OF THE 8TH
Boston Red Sox batting - Pitching for Tampa Bay Rays : RHP Alex Ramirez
Pitching: RHP Manuel Barrientes
Batting: LHB Dan McCartney 0-0: Ball
1-0: Called Strike
1-1: Ball
2-1: SINGLE (Groundball, 34D, EV 99.4 MPH)
Batting: SHB Tyler Den Hartog 0-0: Ball
1-0: Fielders Choice at 2nd, 3-6 (Groundball, 34S, EV 87.5 MPH)
Batting: LHB Chris Kautz 0-0: Called Strike
0-1: Ball
1-1: Ball
2-1: Swinging Strike
2-2: Ball
3-2: Fly out, F9 (Flyball, 9S, EV 75.0 MPH)
Pitching: LHP Antonio Quevedo
Batting: LHB Sergio Mejia 0-0: Foul Ball, location: 5FF
0-1: Ball
1-1: Foul Ball, location: 23FF
1-2: SINGLE (Groundball, 4MD, EV 98.8 MPH)
Tyler Den Hartog to second
Runner from 2nd tries for 3rd, SAFE, no throw by CF
Batting: RHB Nate Campbell 0-0: Ball
1-0: Ball
2-0: Ground out 6-3 (Groundball, P, EV 84.4 MPH)
Top of the 8th over - 0 runs, 2 hits, 0 errors, 2 left on base; Boston 4 - Tampa Bay 3
BOTTOM OF THE 8TH
Tampa Bay Rays batting - Pitching for Boston Red Sox : RHP Danny Urista
Now at 3B: Pieter Janssen
Now in CF: Marquise Woods
Now in RF: Chris Kautz
Pinch Hitting: LHB Jose Alcantar 0-0: Ball
1-0: Swinging Strike
1-1: Ball
2-1: Foul Ball, location: 2F
2-2: Strikes out swinging
Pinch Hitting: LHB Robert Florez 0-0: Foul Ball, location: 3F
0-1: Ball
1-1: Ball
2-1: Called Strike
2-2: Foul Ball, location: 2F
2-2: Strikes out swinging
Batting: RHB Cesar Escamilla 0-0: Ball
1-0: Called Strike
1-1: Ball
2-1: Fly out, F7 (Line Drive, 7, EV 103.1 MPH)
Bottom of the 8th over - 0 runs, 0 hits, 0 errors, 0 left on base; Boston 4 - Tampa Bay 3
TOP OF THE 9TH
Boston Red Sox batting - Pitching for Tampa Bay Rays : LHP Antonio Quevedo
Now at 1B: Robert Florez
Now in RF: Jose Alcantar
Pinch Hitting: RHB Joe Fowler 0-0: Called Strike
0-1: Ground out 6-3 (Groundball, 6, EV 105.6 MPH)
Batting: LHB Marquise Woods 0-0: Ball
1-0: Fly out, F9 (Flyball, 89M, EV 90.6 MPH)
Batting: LHB Michael Lindstrom 0-0: Ball
1-0: Foul Ball, location: 9LSF
1-1: Ball
2-1: Ball
3-1: Swinging Strike
3-2: Strikes out swinging
Top of the 9th over - 0 runs, 0 hits, 0 errors, 0 left on base; Boston 4 - Tampa Bay 3
BOTTOM OF THE 9TH
Tampa Bay Rays batting - Pitching for Boston Red Sox : RHP Danny Urista
Pitching: RHP Eric Rendleman
Now at SS: Matt Alexander
Batting: LHB George Elkins 0-0: Called Strike
0-1: Swinging Strike
0-2: Strikes out looking
Pinch Hitting: SHB Jorge Ramos 0-0: Called Strike
0-1: Swinging Strike
0-2: Ball
1-2: Strikes out swinging
Batting: SHB Willie Torres 0-0: Foul Ball, location: 7LSF
0-1: Ball
1-1: Ball
2-1: Called Strike
2-2: Strikes out swinging
Bottom of the 9th over - 0 runs, 0 hits, 0 errors, 0 left on base; Boston 4 - Tampa Bay 3
Sunday, April 14th , 2024 - OOTP Baseball 24.11 Build 85